 Dungeon Crawl Stone Soup version 0.31-a0-986-g5e6e4ef867 (webtiles) character file.

Game seed: 9868841026771047260

78 mattiecakes the Sneak (level 4, -2/37 HPs)
             Began as a Formicid Wanderer on Nov 15, 2023.
             Slain by an orc priest
             ... wielding a +0 flail
              (5 damage)
             ... on level 3 of the Dungeon.
             The game lasted 00:04:04 (1810 turns).

mattiecakes the Sneak (Formicid Wanderer)           Turns: 1810, Time: 00:04:05

Health: -2/37      AC:  3    Str: 26    XL:     4   Next: 61%
Magic:  4/4        EV: 11    Int: 10    God:
Gold:   170        SH:  0    Dex: 13    Spells: 3/3 levels left

rFire   . . .        c - +0 hand axe
rCold   . . .        (no shield)
rNeg    . . .        f - +0 leather armour
rPois   .            (helmet unavailable)
rElec   .            (no cloak)
rCorr   .            (no gloves)
SInv    +            (no boots)
Will    .....        (no amulet)
Stlth   +++          n - +6 ring of strength
HPRegen 0.26/turn    o - ring of flight
MPRegen 0.09/turn

%: no passive effects
@: flying
A: permanent stasis, dig shafts and tunnels, antennae 3, four strong arms
a: Dig, Shaft Self


You were on level 3 of the Dungeon.
You visited 1 branch of the dungeon, and saw 3 of its levels.

You collected 170 gold pieces.

Inventory:

Hand Weapons
 c - a +0 hand axe (weapon)
Armour
 f - a +0 leather armour (worn)
Jewellery
 n - a +6 ring of strength (left hand)
 o - a ring of flight (right hand)
Wands
 d - a wand of polymorph (6) (quivered)
Scrolls
 e - 3 scrolls of butterflies
 g - a scroll of enchant armour {unknown}
 j - 2 scrolls of identify {unknown}
 k - a scroll of vulnerability {unknown}
 m - 2 scrolls of immolation {unknown}
 p - a scroll of revelation {unknown}
 q - 3 scrolls of noise {unknown}
Potions
 a - a potion of haste {unknown}
 b - a potion of brilliance
 i - a potion of invisibility {unknown}


   Skills:
 + Level 3.8 Fighting
 - Level 0.8 Short Blades
 + Level 1.5 Axes
 + Level 1.5 Armour
 + Level 5.4 Stealth
 + Level 2.9 Evocations


You had 3 spell levels left.
You didn't know any spells.
Your spell library contained the following spells:

 Spells                   Type           Power      Damage    Failure   Level
 Foxfire                  Conj/Fire      0%         2x1d4     38%         1
 Scorch                   Fire           0%         2d5       54%         2
 Flame Wave               Conj/Fire      0%         2d4       99%         4
 Plasma Beam              Fire/Air       0%         2x1d10    100%        6
 Starburst                Conj/Fire      0%         6d3       100%        6
 Summon Cactus Giant      Summ           0%         N/A       100%        6


Dungeon Overview and Level Annotations

Branches:
Dungeon (3/15)

Altars:

Annotations:
D:3 1 runed translucent door, osoart's ghost, amateur OpSh


Innate Abilities, Weirdness & Mutations

You cannot be hasted, slowed, berserked, paralysed or teleported.
You can dig through walls and to a lower floor.
You have a pair of large antennae on your head. (SInv)
Your four strong arms can wield two-handed weapons with a shield.


Message History

Found a stone staircase leading down.
You sense a monster nearby.
a - a brown potion An orc comes into view.
It is wielding a +0 dagger.
An orc is nearby!
An orc is nearby!
An orc is nearby!
An orc is nearby!
An orc priest and an orc come into view.
Found a war axe.
The orc priest moves out of view.
An orc comes into view. It is wielding a +0 club.
The orc shouts! x2
The orc priest hits you with a +0 flail!
You closely miss the orc priest.
The orc priest invokes the aid of Beogh against you.
Pain shoots through your body!
Okay, then.
You hit the orc priest.
The orc priest is lightly wounded.
The orc priest hits you with a +0 flail.
You hit the orc priest but do no damage.
The orc priest is lightly wounded.
The orc priest hits you with a +0 flail.
You closely miss the orc priest.
The orc priest is lightly wounded.
The orc priest hits you with a +0 flail.
You hit the orc priest.
The orc priest is moderately wounded.
You hit the orc.
The orc priest invokes the aid of Beogh against you.
Beogh smites you!
* * * LOW HITPOINT WARNING * * *
The orc priest barely misses you.
Unknown command.
Aiming: Polymorph
Press: ? - help, Shift-Dir - straight line, f - orc priest
Aim: an orc priest, wielding a +0 flail and wearing a +0 leather armour (moderately wounded, will become a scorpion, a jelly, or a steam dragon, chance to affect: 56%)
The orc priest resists with significant effort.
The orc priest hits you with a +0 flail.
You die...

{#........##..##.##
##.........#.....
.......#......#### #
.##.#.........#####.#
.##........#..##...
.##.#.........##.# #
.##.#......#.....##.#
................>oo.#
)##>#......#.###@#.....
.##....#...#.# #o# ..).
.###########.# .o., ..
.# #.##.... { .#
...+..... .# #...... .#
######## #### ....


You could see an orc priest and 3 orcs.

Vanquished Creatures
  Terence (D:3)
  A worm (D:2)
  2 dart slugs
  3 orcs (D:3)
  2 endoplasms (D:1)
  4 giant cockroaches
  4 goblins
  4 hobgoblins
  A quokka (D:3)
  4 ball pythons
  4 bats
  2 frilled lizards (D:1)
  6 kobolds
  3 rats
41 creatures vanquished.

Notes
Turn   | Place    | Note
-------+----------+-------------------------------------------
     0 | D:1      | mattiecakes the Formicid Wanderer began the quest for the
                  | Orb.
     0 | D:1      | mattiecakes set off with the following items: a +2 dagger,
                  | a potion of brilliance, a +0 hand axe, a wand of polymorph
                  | (7), a scroll of butterflies, a +0 leather armour.
     0 | D:1      | Reached XP level 1. HP: 18/18 MP: 1/1
   129 | D:1      | Reached XP level 2. HP: 24/24 MP: 2/2
   240 | D:1      | Reached skill level 5 in Stealth
   475 | D:1      | Reached XP level 3. HP: 26/29 MP: 3/3
   482 | D:1      | Reached skill level 1 in Armour
  1538 | D:3      | Found a runed translucent door.
  1544 | D:3      | Reached XP level 4. HP: 32/37 MP: 4/4
  1702 | D:3      | Noticed osoart's ghost (amateur OpSh)
  1714 | D:3      | Noticed Terence
  1732 | D:3      | HP: 1/37 [Terence/+3 short sword (6)]
  1738 | D:3      | Killed Terence
  1810 | D:3      | Slain by an orc priest

Illustrated notes

Levels and vault maps discovered:
D:1:      lightli_arrival_statuegarden, layout_basic
D:2:      layout_loops_ring
D:3:      layout_basic, mainiacjoe_overflow_alcove_1,
          ebering_ghost_reflecting_pool, uniq_terence

Skill      XL: |  1  2  3 |
---------------+----------+-----
Stealth        | 5 |  5.4
Armour         | 1 |  1.5
Fighting       | |  3.8
Short Blades   | |  0.8
Axes           | |  1.5
Evocations     | |  2.9

Action                     |  1- 3 |  4- 6 || total
---------------------------+-------+-------++-------
  Melee: Dagger            |    36 |       ||    36
         Hand axe          |    41 |    34 ||    75
         Punch             |     1 |       ||     1
  Evoke: Wand              |       |     1 ||     1
    Use: Potion            |       |     4 ||     4
   Stab: Sleeping          |    12 |     3 ||    15
 Armour: Leather armour    |    34 |    30 ||    64
  Dodge: Dodged            |    30 |    15 ||    45

Table legend: (Time is in decaauts)
 A = Elapsed time spent in this place.
 B = Non-inter-level travel time spent in this place.
 C = Inter-level travel time spent in this place.
 D = Time resting spent in this place.
 E = Time spent auto-exploring this place.
 F = Levels seen in this place.
 G = Mean time per level.
                   A        B        C        D        E       F      G
               +--------+--------+--------+--------+--------+-----+--------+
         Total |   1824 |   1792 |     32 |     92 |   1333 |   3 |  608.0 |
       Dungeon |   1824 |   1792 |     32 |     92 |   1333 |   3 |  608.0 |
               +--------+--------+--------+--------+--------+-----+--------+

Top non-repeatable levels by time:
     D:1: 717 daAuts
     D:2: 704 daAuts
     D:3: 402 daAuts
